 Dungeon Crawl Stone Soup version 0.27.1-33-g824d729ab1 (webtiles) character file.

Game seed: 16908436630619946940

569 jlumianski the Chopper (level 7, -11/43 HPs)
             Began as a Gargoyle Monk on Dec 13, 2021.
             Was a Believer of Makhleb.
             Mangled by an ogre (20 damage)
             ... on level 3 of the Dungeon.
             The game lasted 00:16:54 (6681 turns).

jlumianski the Chopper (Gargoyle Monk)              Turns: 6681, Time: 00:16:55

Health: -11/43     AC: 16    Str: 17    XL:     7   Next: 33%
Magic:  8/8        EV:  8    Int: 10    God:    Makhleb [**....]
Gold:   230        SH:  0    Dex: 12    Spells: 6/6 levels left

rFire    . . .     SeeInvis .   q - +0 war axe
rCold    . . .     Faith    .   (no shield)
rNeg     + . .     Spirit   .   d - +0 chain mail
rPois    ∞         Reflect  .   h - +0 helmet
rElec    +         Harm     .   (no cloak)
rCorr    .         Rampage  .   r - +0 pair of gloves
Will     .....                  (no boots)
Stlth    ..........             (no amulet)
HPRegen  0.14/turn              (no ring)
MPRegen  0.11/turn              (no ring)

@: no status effects
A: sickness immunity, AC +4, negative energy resistance 1, electricity
resistance, torment resistance 1, petrification resistance
a: Renounce Religion, Minor Destruction


You were on level 3 of the Dungeon.
You worshipped Makhleb.
Makhleb was pleased with you.
You visited 1 branch of the dungeon, and saw 5 of its levels.

You collected 230 gold pieces.

Inventory:

Hand Weapons
 a - a +0 hand axe
 i - a +0 hunting sling
 q - a +0 war axe (weapon)
Missiles
 e - 114 stones (quivered)
 j - 41 sling bullets
 p - 28 bolts
Armour
 b - a +0 robe
 d - a +0 chain mail (worn)
 h - a +0 helmet (worn)
 l - a +0 plate armour
 r - a +0 pair of gloves (worn)
Scrolls
 k - a scroll of vulnerability
 n - a scroll of immolation
Potions
 f - 2 potions of resistance
 m - a potion of brilliance {unknown}
 s - a potion of degeneration {unknown}
 t - a potion of mutation {unknown}


   Skills:
 + Level 4.0 Fighting
 + Level 5.6 Axes
 + Level 0.1 Throwing
 + Level 3.8 Armour
 + Level 3.0 Dodging
 + Level 2.2 Stealth
 * Level 1.9 Invocations


You had 6 spell levels left.
You didn't know any spells.
Your spell library contained the following spells:

 Spells                   Type           Power      Damage    Failure   Level
 Animate Skeleton         Necr           0%         N/A       99%         1
 Apportation              Tloc           0%         N/A       99%         1
 Corona                   Hex            0%         N/A       99%         1
 Summon Small Mammal      Summ           0%         N/A       99%         1


Dungeon Overview and Level Annotations

Branches:
Dungeon (5/15)
 Temple: D:4-7

Altars:
Makhleb


Innate Abilities, Weirdness & Mutations

You are immune to sickness and miasma.
Your stone body is resilient. (AC +4)
You are immune to poison.
You resist negative energy. (rN+)
You are resistant to electric shocks. (rElec)
You are resistant to unholy torment.
You are immune to petrification.


Message History

Things that are here:
a +0 hand axe of distortion; a +0 leather armour You start resting.
HP restored.
There is a stone staircase leading down here.
You climb downwards.
The ogre hits you with a +0 giant spiked club!
The orc hits you with a +0 club.
There is a stone staircase leading up here.
The orc priest hits you with a +0 mace. The orc hits you but does no damage.
The ogre hits you with a +0 giant spiked club.
You climb upwards.
There is a stone staircase leading down here.
Throw: 2 javelins (silver)
Press: ? - help, Q - select action, (/) - cycle Shift-Dir - straight line, f - ogre
Aim: an ogre, wielding a +0 giant spiked club (73% to hit)
You throw a silver javelin.
The silver javelin pierces through the ogre.
The ogre is lightly wounded.
The silver javelin closely misses the orc.
The orc priest hits you but does no damage.
The ogre hits you with a +0 giant spiked club.
The orc priest barely misses you.
Okay, then.
Throw: javelin (silver)
Press: ? - help, Q - select action, (/) - cycle Shift-Dir - straight line, f/p - ogre
Aim: an ogre, wielding a +0 giant spiked club (lightly wounded, 73% to hit)
You throw a silver javelin.
The silver javelin barely misses the ogre.
The silver javelin pierces through the orc.
The orc is severely wounded.
The ogre hits you with a +0 giant spiked club!
* * * LOW HITPOINT WARNING * * *
The orc priest miscasts a cantrip.
You feel better.
The orc priest mumbles some strange prayers to Beogh against you.
Beogh smites you!
* * * LOW HITPOINT WARNING * * *
The ogre hits you with a +0 giant spiked club!!
You die...

#################
#......).......[#
##.#############.#
.....# #.# ##.#.#
#.# #.#.# #.#
#.#.# #.#
##.#.###########o#
.........(....oO@#
##..#####.########
##..# #.# ##..###
#.# ##....# #.#
###.#.###.# #
#.#.....# #
#.####### ###.#


You could see an ogre, an orc priest and an orc.

Vanquished Creatures
  A black bear (D:3)
  An ogre (D:4)
  A howler monkey (D:5)
  An orc priest (D:3)
  A hound (D:4)
  Jessica (D:2)
  A centaur skeleton (D:4)
  2 hound skeletons (D:4)
  Robin (D:1)
  5 adders
  6 gnolls
  3 worms (D:3)
  A dart slug (D:4)
  4 orcs
  7 bats
  4 endoplasms
  3 giant cockroaches
  13 goblins
  11 hobgoblins
  5 jackals
  3 quokkas
  4 ball pythons
  5 frilled lizards
  9 kobolds
  2 rats
95 creatures vanquished.

Notes
Turn   | Place    | Note
-------+----------+-------------------------------------------
     0 | D:1      | jlumianski the Gargoyle Monk began the quest for the Orb.
     0 | D:1      | Reached XP level 1. HP: 14/14 MP: 1/1
   524 | D:1      | Reached skill level 3 in Axes
   531 | D:2      | Noticed Jessica
   607 | D:1      | Reached XP level 2. HP: 18/19 MP: 2/2
   713 | D:1      | Found a faded altar of an unknown god.
  1072 | D:2      | Noticed Robin
  1533 | D:1      | Reached XP level 3. HP: 21/23 MP: 3/3
  1538 | D:1      | Reached skill level 1 in Armour
  1604 | D:1      | Killed Robin
  2636 | D:2      | Reached XP level 4. HP: 16/28 MP: 4/4
  3004 | D:2      | Killed Jessica
  3922 | D:2      | Reached XP level 5. HP: 22/32 MP: 5/5
  4232 | D:2      | Reached skill level 4 in Axes
  4518 | D:4      | Noticed an ogre
  4988 | D:3      | Found a burning altar of Makhleb.
  5150 | D:3      | Became a worshipper of Makhleb the Destroyer
  5150 | D:3      | Reached * piety under Makhleb
  5150 | D:3      | Reached ** piety under Makhleb
  5715 | D:4      | Noticed a black bear
  5728 | D:3      | Killed a black bear
  5729 | D:3      | Reached skill level 5 in Axes
  5729 | D:3      | Reached skill level 1 in Invocations
  5729 | D:3      | Reached XP level 6. HP: 15/37 MP: 6/6
  6131 | D:4      | Reached XP level 7. HP: 33/43 MP: 8/8
  6284 | D:5      | Entered Level 5 of the Dungeon
  6681 | D:3      | Mangled by an ogre

Illustrated notes

Levels and vault maps discovered:
D:1:      giann_bridges, layout_loops_ring, shapermc_ecumenical_altar_acropolis,
          nrook_mini_vaults
D:2:      layout_basic, minmay_tall_x, uniq_robin, uniq_jessica
D:3:      layout_basic, marbit_many_paths, minmay_quantized
D:4:      layout_rooms, beargit_hepliaklqana_dungeon_heroes, uniq_edmund
D:5:      layout_basic, overflow_temple_1_default,
          minmay_temple_entry_butterflies, ebering_ghost_sewer_f, st_stairs_8,
          kennysheep_generic_room_12

Skill      XL: |  1  2  3  4  5  6 |
---------------+-------------------+-----
Axes           | 3 5 |  5.6
Armour         | 1 2 3 |  3.8
Dodging        | 3 |  3.0
Invocations    | 1 |  1.9
Fighting       | 4 |  4.0
Throwing       | |  0.1
Stealth        | |  2.2

Action                   |  1- 3 |  4- 6 |  7- 9 || total
-------------------------+-------+-------+-------++-------
Melee: Hand axe          |   128 |    78 |       ||   206
       War axe           |       |    96 |    26 ||   122
Throw: Javelin           |       |     4 |     4 ||     8
Invok: Minor Destruction |       |     6 |     3 ||     9
  Use: Scroll            |       |     7 |       ||     7
       Potion            |       |     2 |     1 ||     3
Armor: Chain mail        |   195 |   145 |    36 ||   376
Dodge: Dodged            |    80 |    78 |    13 ||   171
